 Dungeon Crawl Stone Soup version 0.26-a0-606-g3c8f2f65f7 (webtiles) character file.

Game seed: 244896176907901732

144 ANON1729 the Sneak (level 5, 0/26 HPs)
             Began as a Spriggan Brigand on Aug 31, 2020.
             Slain by an orc (3 damage)
             ... on level 3 of the Dungeon.
             The game lasted 00:03:56 (2262 turns).

ANON1729 the Sneak (Spriggan Brigand)               Turns: 2262, Time: 00:03:57

Health: 0/26       AC:  3    Str:  7    XL:     5   Next: 5%
Magic:  0/6        EV: 19    Int: 12    God:
Gold:   101        SH:  0    Dex: 19    Spells: 4/4 levels left

rFire    . . .     SeeInvis +   a - +2 dagger
rCold    . . .     Faith    .   (shield restricted)
rNeg     . . .     Spirit   +   b - +0 robe
rPois    .         Reflect  .   (helmet restricted)
rElec    .         Harm     .   c - +0 cloak
rCorr    .                      (gloves unavailable)
MR       .....                  (boots unavailable)
Stlth    +++.......             f - amulet of guardian spirit
HPRegen  0.08/turn              j - ring of attention (curse)
MPRegen  0.10/turn              (no ring)

@: flying, very quick
A: very small, unfitting armour, see invisible, speed 3
a: no special abilities


You were on level 3 of the Dungeon.
You visited 1 branch of the dungeon, and saw 3 of its levels.

You collected 101 gold pieces.

Inventory:

Hand Weapons
 a - a +2 dagger (weapon)
Armour
 b - a +0 robe (worn)
 c - a +0 cloak (worn)
Jewellery
 f - an amulet of guardian spirit (around neck)
 j - a cursed ring of attention (left hand)
Scrolls
 h - a scroll of blinking
 k - 2 scrolls of identify
 l - a scroll of fear {unknown}
 m - a scroll of amnesia {unknown}
 n - a scroll of teleportation {unknown}
Potions
 g - a potion of flight


   Skills:
 + Level 2.2 Fighting
 * Level 3.5 Short Blades
 + Level 2.7 Throwing
 + Level 3.1 Dodging
 * Level 7.0 Stealth


You had 4 spell levels left.
You didn't know any spells.
Your spell library was empty.

Dungeon Overview and Level Annotations

Branches:
Dungeon (3/15)

Altars:
Sif Muna


Innate Abilities, Weirdness & Mutations

You are very small and have problems with some larger weapons.
You are too small for most types of armour.
You have supernaturally acute eyesight. (SInv)
You cover ground extremely quickly.


Message History

Press: ? - help, Shift-Dir - straight line, f/p - orc
Aim: an orc, wearing a +0 leather armour You throw a poisoned dart.
The poisoned dart hits the orc!
The orc is poisoned.
Throwing (i - inventory)
d - a poisoned dart (quivered)
Press: ? - help, Shift-Dir - straight line, f/p - orc
Aim: an orc, wearing a +0 leather armour (very poisoned)
You throw a poisoned dart. The poisoned dart hits the orc.
The orc looks even sicker.
The orc closely misses you. The ooze closely misses you.
You hit the orc.
The orc is heavily wounded.
The orc hits you.
* * * LOW HITPOINT WARNING * * *
The ooze hits you.
* * * LOW HITPOINT WARNING * * *
Okay, then.
You hit the orc but do no damage.
The orc is moderately wounded.
The orc hits you.
You die...

#####
##....#########
l....wJ@##....#
##....#o##....#
#... #(.#....#
### ##.#....#
#......#
##.....#
#.)†)[#
#.....##
##.#...#


You could see an ooze, a dart slug, an orc (very poisoned) and a frilled lizard
(asleep).

Vanquished Creatures
  An orc wizard (D:3)
  Terence (D:2)
  2 adders (D:2)
  An ooze (D:1)
  3 worms (D:2)
  2 dart slugs (D:1)
  A leopard gecko (D:1)
  3 orcs (D:3)
  4 bats
  4 giant cockroaches
  6 goblins
  6 hobgoblins
  4 kobolds
  2 quokkas
  4 frilled lizards
  9 rats
53 creatures vanquished.

Notes
Turn   | Place    | Note
-------+----------+-------------------------------------------
     0 | D:1      | ANON1729 the Spriggan Brigand began the quest for the Orb.
     0 | D:1      | Reached XP level 1. HP: 10/10 MP: 2/2
   141 | D:1      | Reached skill level 6 in Stealth
   144 | D:1      | Reached XP level 2. HP: 11/15 MP: 3/3
   681 | D:1      | Reached XP level 3. HP: 18/18 MP: 4/4
  1008 | D:2      | Found a shimmering blue altar of Sif Muna.
  1277 | D:2      | Noticed Terence
  1354 | D:2      | Killed Terence
  1354 | D:2      | Reached XP level 4. HP: 3/23 MP: 0/5
  2252 | D:3      | Reached skill level 7 in Stealth
  2252 | D:3      | Reached XP level 5. HP: 8/26 MP: 1/6
  2262 | D:3      | Slain by an orc

Illustrated notes

Levels and vault maps discovered:
D:1:      dpeg_arrival_arbitrary_b, layout_basic
D:2:      layout_loops_corners, lemuel_crystal_altar, hex_tiny,
          minmay_heptomino_h4, uniq_terence
D:3:      minmay_chambers_of_twos, layout_basic

Skill      XL: |  1  2  3  4 |
---------------+-------------+-----
Stealth        | 6 7 |  7.0
Dodging        | 2 3 |  3.1
Short Blades   | 3 |  3.5
Fighting       | 2 |  2.2
Throwing       | |  2.7

Action                   |  1- 3 |  4- 6 || total
-------------------------+-------+-------++-------
Melee: Dagger            |   115 |    80 ||   195
Throw: Dart              |     9 |    14 ||    23
  Use: Potion            |       |     3 ||     3
       Scroll            |       |     1 ||     1
 Stab: Sleeping          |    16 |     5 ||    21
Armor: Robe              |     9 |     6 ||    15
Dodge: Dodged            |    77 |    48 ||   125

Table legend: (Time is in decaauts)
 A = Elapsed time spent in this place.
 B = Non-inter-level travel time spent in this place.
 C = Inter-level travel time spent in this place.
 D = Time resting spent in this place.
 E = Time spent auto-exploring this place.
 F = Levels seen in this place.
 G = Mean time per level.
                   A        B        C        D        E       F      G
               +--------+--------+--------+--------+--------+-----+--------+
         Total |   1594 |   1561 |     33 |    376 |    788 |   3 |  531.3 |
       Dungeon |   1594 |   1561 |     33 |    376 |    788 |   3 |  531.3 |
               +--------+--------+--------+--------+--------+-----+--------+

Top non-repeatable levels by time:
     D:2: 821 daAuts
     D:1: 664 daAuts
     D:3: 108 daAuts
